 Dungeon Crawl Stone Soup version 0.26-a0-597-gb535b0901c (webtiles) character file.

Game seed: 7369318851382872981

1606 vurker the Chiller (level 8, -10/54 HPs)
             Began as an Octopode Ice Elementalist on Sept 11, 2020.
             Was a Follower of Vehumet.
             Mangled by a hornet (14 damage)
             ... while paralysed by a hornet
             ... on level 6 of the Dungeon.
             The game lasted 00:09:42 (7862 turns).

vurker the Chiller (Octopode Ice Elementalist)      Turns: 7862, Time: 00:09:43

Health: -10/54     AC:  1    Str:  7    XL:     8   Next: 94%
Magic:  13/17      EV:  2    Int: 20    God:    Vehumet [*.....]
Gold:   223        SH:  0    Dex: 12    Spells: 7/19 levels left

rFire    . . .     SeeInvis .   m - +4 whip (holy)
rCold    . . .     Faith    .   (no shield)
rNeg     . . .     Spirit   .   (helmet restricted)
rPois    .         Reflect  .   n - amulet of inaccuracy (curse)
rElec    .         Harm     .   a - ring of protection from magic
rCorr    .                      (no ring)
MR       +....                  (no ring)
Stlth    +++.......             (no ring)
HPRegen  0.18/turn              (no ring)
MPRegen  0.15/turn              (no ring)
                                (no ring)
                                (no ring)

@: paralysed, lethally poisoned (-10 -> -17), frozen ramparts, slowed
A: almost no armour, stealthy swim, amphibious, 8 rings, constrict 8, camouflage
1, gelatinous body 1
a: Renounce Religion


You were on level 6 of the Dungeon.
You worshipped Vehumet.
Vehumet was aware of your devotion.
You visited 1 branch of the dungeon, and saw 6 of its levels.

You collected 283 gold pieces.
You spent 60 gold pieces at shops.

Inventory:

Hand Weapons
 m - a +4 whip of holy wrath (weapon)
   (You took it off a kobold on level 2 of the Dungeon)
Jewellery
 a - a ring of protection from magic (left tentacle)
   (You found it on level 3 of the Dungeon)
 n - a cursed amulet of inaccuracy (around mantle)
   (You found it on level 2 of the Dungeon)
Wands
 u - a wand of paralysis (3)
   (You found it on level 6 of the Dungeon)
 v - a wand of digging (8)
   (You found it on level 3 of the Dungeon)
Scrolls
 b - 2 scrolls of fear
 c - 2 scrolls of enchant weapon
 g - a scroll of amnesia
 j - 2 scrolls of immolation
 l - 2 scrolls of teleportation
Potions
 d - a potion of haste
 e - 2 potions of curing
 f - a potion of heal wounds
 h - a potion of ambrosia
 i - a potion of flight
 k - 2 potions of invisibility
 o - a potion of berserk rage {unknown}
 p - a potion of degeneration {unknown}
 q - a potion of brilliance {unknown}


   Skills:
 + Level 4.1 Fighting
 - Level 2.0 Dodging
 - Level 2.6 Stealth
 * Level 6.0 Spellcasting
 - Level 3.0 Conjurations
 - Level 3.0 Summonings
 * Level 7.4 Ice Magic


You had 7 spell levels left.
You knew the following spells:

 Your Spells              Type           Power        Failure   Level
a - Freeze                Ice            ####         1%          1
b - Frozen Ramparts       Ice            #####.       1%          3
c - Hailstorm             Conj/Ice       ####....     12%         4
d - Summon Ice Beast      Ice/Summ       ####....     12%         4

Your spell library contained the following spells:

 Spells                   Type           Power        Failure   Level
 Shock                    Conj/Air       ##..         5%          1
 Ozocubu's Armour         Ice            #####...     1%          3
 Confusing Touch          Hex            #.......     30%         3
 Gell's Gravitas          Tloc           #.........   30%         3
 Metabolic Englaciation   Hex/Ice        ###.......   52%         5
 Petrify                  Tmut/Erth      #.......     71%         4
 Yara's Violent Unravell  Hex/Tmut       #.........   96%         5


Dungeon Overview and Level Annotations

Branches:
Dungeon (6/15)             Temple (0/1) D:5

Altars:
Kikubaaqudgha
Ru
Sif Muna
Vehumet
The Shining One

Shops:
D:4 !

Annotations:
D:6 exclusion: 2 doors


Innate Abilities, Weirdness & Mutations

You cannot wear most types of armour.
You are very stealthy in the water. (Stealth+)
You are amphibious.
You can wear up to eight rings at the same time.
You can use your tentacles to constrict eight enemies at once.
Your skin changes colour to match your surroundings (Stealth+).
Your rubbery body absorbs attacks. (AC +1, EV +1)


Message History

You kill the leopard gecko!
Vehumet accepts your kill.
You can't see any susceptible monsters within range! (Use Z to cast anyway.)
Found a fizzy white potion.
o - a fizzy white potion You open the door.
There is an open door here.
Found an escape hatch in the floor.
You open the door.
There is an open door here.
There is an open door here.
There is an escape hatch in the floor here.
Found a leather armour.
Found a glowing golden altar of the Shining One.
Found a stone staircase leading down.
Found a long sword.
Found a battleaxe.
Found a chain mail.
A hornet comes into view.
A hornet is nearby!
A hornet is nearby!
A hornet is nearby!
The hornet buzzes angrily.
Found a scroll of identify.
You hit the hornet but do no damage. Your grab misses the hornet.
The hornet completely misses you. The hornet barely misses you.
Aim: a hornet You freeze the hornet.
The hornet stings you!
You feel yourself slow down.
Aim: a hornet (lightly wounded)
You freeze the hornet!
You feel yourself speed up. The hornet closely misses you.
The hornet stings you.
You are poisoned.
You feel yourself slow down. The hornet barely misses you.
You feel sick. The hornet barely misses you.
The walls around you are covered in ice.
You feel sick.
The wall freezes the hornet.
The hornet stings you!
* * * LOW HITPOINT WARNING * * *
You suddenly lose the ability to move!
The wall freezes the hornet but do no damage.
The hornet stings you!
* * * LOW HITPOINT WARNING * * *
You feel as though you will be slow longer.
You feel sick.
The wall freezes the hornet.
The hornet stings you!
* * * LOW HITPOINT WARNING * * *
You feel as though you will be slow longer.
The wall freezes the hornet.
The hornet stings you!
You die...

# .....)##..# #....
#.##.##.##..# #....
#.#...#.##..#####....
...._..........>.....
#.#...#.########.....
#)##.##.# #.....
#.......# #.####
####.#### ##'###
##@#####.# #....##
#.[y.....# #......
#........# #....##
#.....?..+ #....#
#........# #....#
#........# #....#
########## ######
###### ##≈≈≈..


You could see a hornet.

Vanquished Creatures
  Maggie (D:6)
  An acid dragon (D:6)
  3 ogres
  A centaur (D:5)
  Blork the orc (D:5)
  A water moccasin zombie (D:6)
  A scorpion (D:5)
  A howler monkey (D:4)
  A centaur zombie (D:3)
  4 hounds
  A bullfrog zombie (D:5)
  A gnoll shaman (D:3)
  3 orc wizards (D:3)
  A centaur skeleton (D:4)
  An iguana (D:6)
  A worker ant (D:4)
  2 hound skeletons (D:4)
  A worker ant zombie (D:5)
  8 gnolls
  7 adders
  A shadow imp (D:5)
  2 oozes
  An adder zombie (D:6)
  2 adder skeletons (D:5)
  A worm (D:3)
  3 dart slugs
  3 leopard geckos
  12 orcs
  7 bats
  7 giant cockroaches
  13 goblins
  9 hobgoblins
  8 jackals (D:4)
  4 quokkas
  3 frilled lizards
  5 kobolds
  A quokka skeleton (D:4)
  6 rats
129 creatures vanquished.

Notes
Turn   | Place    | Note
-------+----------+-------------------------------------------
     0 | D:1      | vurker the Octopode Ice Elementalist began the quest for
                  | the Orb.
     0 | D:1      | Reached XP level 1. HP: 11/11 MP: 3/3
   263 | D:1      | Reached XP level 2. HP: 18/18 MP: 3/5
   574 | D:1      | Reached XP level 3. HP: 22/22 MP: 6/6
   579 | D:1      | Learned a level 3 spell: Frozen Ramparts
   990 | D:2      | Reached skill level 1 in Fighting
  1153 | D:2      | Found a glowing golden altar of the Shining One.
  1551 | D:2      | Reached XP level 4. HP: 22/28 MP: 4/8
  1632 | D:2      | Learned a level 4 spell: Hailstorm
  2135 | D:3      | Found an ancient bone altar of Kikubaaqudgha.
  2332 | D:3      | Reached skill level 1 in Conjurations
  2332 | D:3      | Reached XP level 5. HP: 16/33 MP: 2/9
  2383 | D:3      | Reached skill level 5 in Ice Magic
  3047 | D:3      | Reached XP level 6. HP: 39/39 MP: 7/11
  3101 | D:3      | Learned a level 4 spell: Summon Ice Beast
  3376 | D:3      | Found a radiant altar of Vehumet.
  3382 | D:3      | Became a worshipper of Vehumet
  3760 | D:4      | Reached skill level 1 in Summonings
  3760 | D:4      | Reached XP level 7. HP: 45/45 MP: 7/13
  3849 | D:4      | Found a shimmering blue altar of Sif Muna.
  4124 | D:4      | Found Wukler's Distillery.
  4194 | D:4      | Bought a potion of heal wounds for 60 gold pieces
  4415 | D:4      | Reached * piety under Vehumet
  4415 | D:4      | Offered knowledge of Shock by Vehumet.
  4672 | D:4      | Reached skill level 6 in Ice Magic
  4831 | D:4      | Got a polished hunting sling
  4877 | D:4      | Identified the +7 hunting sling of the Extremely Mad
                  | {flame, rN+} (You found it on level 4 of the Dungeon)
  4914 | D:5      | Entered Level 5 of the Dungeon
  5716 | D:5      | Reached XP level 8. HP: 26/52 MP: 8/15
  6113 | D:5      | Found a sacrificial altar of Ru.
  6274 | D:5      | Noticed Blork the orc
  6283 | D:5      | Killed Blork the orc
  6357 | D:5      | Reached skill level 5 in Spellcasting
  6504 | D:5      | Found a staircase to the Ecumenical Temple.
  6941 | D:6      | Noticed Maggie
  6960 | D:6      | Killed Maggie
  6960 | D:6      | Reached skill level 7 in Ice Magic
  7846 | D:6      | Found a glowing golden altar of the Shining One.
  7854 | D:6      | Noticed a hornet
  7861 | D:6      | Paralysed by a hornet for 2 turns
  7862 | D:6      | Mangled by a hornet

Illustrated notes

Levels and vault maps discovered:
D:1:      mrwooster_arrival_arrow, layout_loops_ring, minmay_misc_feat_plants
D:2:      layout_loops_ring, nicolae_tso_carved_into_rock
D:3:      layout_rooms, vehumet_crystals, kiku_gazebo_pond_becter
D:4:      layout_loops_cross, lemuel_crystal_altar, serial_shops, shop_statue,
          cheibrodos_gnoll_hut
D:5:      layout_basic, minmay_temple_entry_offerings, nicolae_ru_path_of_blood,
          uniq_blork_the_orc
D:6:      cheibrodos_two_vegetables, layout_basic,
          nicolae_overflow_crystal_walls, uniq_maggie

Skill      XL: |  1  2  3  4  5  6  7  8 |
---------------+-------------------------+-----
Fighting       | 1 2 3 4 |  4.1
Spellcasting   | 3 4 6 |  6.0
Conjurations   | 1 2 3 |  3.0
Ice Magic      | 5 6 7 |  7.4
Summonings     | 1 2 3 |  3.0
Dodging        | |  2.0
Stealth        | |  2.6

Action                   |  1- 3 |  4- 6 |  7- 9 || total
-------------------------+-------+-------+-------++-------
Melee: Unarmed           |     8 |       |       ||     8
       Constrict         |    11 |     4 |    12 ||    27
       Tentacles         |     8 |     4 |     9 ||    21
       Dagger            |    29 |       |       ||    29
       Whip              |    12 |    49 |    64 ||   125
 Cast: Freeze            |    14 |    23 |    27 ||    64
       Frozen Ramparts   |     3 |    22 |    22 ||    47
       Hailstorm         |       |     1 |     3 ||     4
       Summon Ice Beast  |       |       |     2 ||     2
  Use: Scroll            |       |    12 |     3 ||    15
 Stab: Sleeping          |    13 |       |     7 ||    20
Armor: Skin              |     2 |     9 |     6 ||    17
Dodge: Dodged            |    21 |    50 |    60 ||   131

Table legend: (Time is in decaauts)
 A = Elapsed time spent in this place.
 B = Non-inter-level travel time spent in this place.
 C = Inter-level travel time spent in this place.
 D = Time resting spent in this place.
 E = Time spent auto-exploring this place.
 F = Levels seen in this place.
 G = Mean time per level.
                   A        B        C        D        E       F      G
               +--------+--------+--------+--------+--------+-----+--------+
         Total |   7881 |   7793 |     88 |    918 |   5870 |   6 | 1313.5 |
       Dungeon |   7881 |   7793 |     88 |    918 |   5870 |   6 | 1313.5 |
               +--------+--------+--------+--------+--------+-----+--------+

Top non-repeatable levels by time:
     D:4: 2049 daAuts
     D:2: 1352 daAuts
     D:3: 1308 daAuts
     D:5: 1200 daAuts
     D:6: 1006 daAuts
     D:1: 963 daAuts
